 Dungeon Crawl Stone Soup version 0.29-a0-416-g83a48905f1 (webtiles) character file.

Game seed: 11397009522834838447

4 hquester the Skirmisher (level 1, 0/18 HPs)
             Began as a Demonspawn Abyssal Knight on May 16, 2022.
             Was a Believer of Lugonu.
             Slain by a bat (1 damage)
             ... on level 1 of the Dungeon.
             The game lasted 00:01:04 (142 turns).

hquester the Skirmisher (Demonspawn Abyssal Knight)  Turns: 142, Time: 00:01:05

Health: 0/18       AC:  3    Str: 13    XL:     1   Next: 50%
Magic:  2/2        EV: 11    Int: 11    God:    Lugonu [**....]
Gold:   0          SH:  0    Dex: 13    Spells: 0/0 levels left

rFire   . . .      SeeInvis .   a - +1 short sword
rCold   . . .      Faith    .   (no shield)
rNeg    . . .      Spirit   .   b - +0 leather armour
rPois   .          Reflect  .   (no helmet)
rElec   .          Harm     .   (no cloak)
rCorr   .          Rampage  .   (no gloves)
Will    .....                   (no boots)
Stlth   +.........              (no amulet)
HPRegen 0.06/turn               (no ring)
MPRegen 0.08/turn               (no ring)

@: invisible
A: no potion heal 1
a: Renounce Religion, Depart the Abyss, Bend Space


You were on level 1 of the Dungeon.
You worshipped Lugonu.
Lugonu was pleased with you.
You visited 1 branch of the dungeon, and saw 1 of its levels.
You visited the Abyss 1 time.

Inventory:

Hand Weapons
 a - a +1 short sword (weapon)
Armour
 b - a +0 leather armour (worn)
Scrolls
 c - a scroll of blinking {unknown}


   Skills:
 + Level 3.0 Fighting
 + Level 1.8 Short Blades
 + Level 1.8 Armour
 + Level 1.0 Dodging
 + Level 2.5 Invocations


You couldn't memorise any spells.
You didn't know any spells.
Your spell library was empty.

Dungeon Overview and Level Annotations

Branches:
Dungeon (1/15)

Altars:


Innate Abilities, Weirdness & Mutations

Potions are less effective at restoring your health.


Message History

You barely miss the quokka.
The quokka is severely wounded.
The quokka bites you.
* * * LOW HITPOINT WARNING * * *
It was a potion of invisibility.
You fade into invisibility!
The quokka closely misses you. The quokka closely misses you.
There is an open door here.
The bat barely misses you. The quokka barely misses you.
The bat hits you but does no damage.
You hit the quokka.
You kill the quokka!
Lugonu accepts your kill. The bat barely misses you.
It was a potion of mutation.
You feel extremely strange.
You feel weaker.
You feel stronger.
Your system partially rejects the healing effects of potions.
The bat hits you but does no damage.
You barely miss the giant cockroach. The bat barely misses you.
The giant cockroach closely misses you.
You hit the giant cockroach but do no damage.
The bat hits you but does no damage. The giant cockroach barely misses you.
The giant cockroach bites you but does no damage.
You closely miss the giant cockroach. The bat barely misses you.
The giant cockroach closely misses you.
You hit the giant cockroach.
The giant cockroach is moderately wounded.
The bat hits you but does no damage. The giant cockroach closely misses you.
You barely miss the giant cockroach.
The giant cockroach is moderately wounded.
The bat misses you. The giant cockroach closely misses you.
The bat hits you but does no damage.
You hit the giant cockroach.
You kill the giant cockroach!
Lugonu accepts your kill. The bat hits you.
* * * LOW HITPOINT WARNING * * *
The bat hits you.
You die...

.≈§....#.##..)B......
.§.).. #...........##
. .≈....
########..### ..
#.... #..##
#≈§###≈≈#### ###.##
...§#....#.####...#
....≈....≈.#....###
..?.≈.⌠<.≈...####
....≈..@b≈..##
....#...†#..# ...
##≈≈#'..# # #.......#
#####...# #####


You could see a bat.

Vanquished Creatures
  2 giant cockroaches (D:1)
  A quokka (D:1)
  2 kobolds (D:1)
5 creatures vanquished.

Notes
Turn   | Place    | Note
-------+----------+-------------------------------------------
     0 | Abyss:1  | hquester the Demonspawn Abyssal Knight began the quest for
                  | the Orb.
     0 | Abyss:1  | Reached XP level 1. HP: 18/18 MP: 2/2
    53 | D:1      | Escaped the Abyss
   112 | D:1      | Reached skill level 1 in Dodging
   136 | D:1      | Gained mutation: You are weak. (Str -2) [potion of
                  | mutation]
   136 | D:1      | Lost mutation: You are weak. (Str -2) [potion of mutation]
   136 | D:1      | Gained mutation: Potions are less effective at restoring
                  | your health. [potion of mutation]
   142 | D:1      | Slain by a bat

Illustrated notes

Levels and vault maps discovered:
D:1:      dpeg_arrival_rooms_with_view, layout_rooms, minmay_pentomino_w2

Skill      XL: |  1 |
---------------+----+-----
Dodging        | 1 |  1.0
Fighting       | |  3.0
Short Blades   | |  1.8
Armour         | |  1.8
Invocations    | |  2.5

Action                   || total
-------------------------++-------
Melee: Short sword       ||    23
  Use: Potion            ||     2
Armor: Leather armour    ||    19
Dodge: Dodged            ||    38

Table legend: (Time is in decaauts)
 A = Elapsed time spent in this place.
 B = Non-inter-level travel time spent in this place.
 C = Inter-level travel time spent in this place.
 D = Time resting spent in this place.
 E = Time spent auto-exploring this place.
 F = Levels seen in this place.
 G = Mean time per level.
                   A        B        C        D        E       F      G
               +--------+--------+--------+--------+--------+-----+--------+
         Total |    141 |    141 |      0 |      0 |     76 |   2 |   70.5 |
       Dungeon |     88 |     88 |      0 |      0 |     31 |   1 |   88.0 |
         Abyss |     53 |     53 |      0 |      0 |     45 |   1 |   53.0 |
               +--------+--------+--------+--------+--------+-----+--------+

Top non-repeatable levels by time:
     D:1: 88 daAuts
 Abyss:1: 53 daAuts
